AoeStats
← s1R1Us

Arena

509830067Analyzed
4v4 RM · 4d ago on Sep 28, 2026· 32m 43s· 8 players
Game mode
Random Map
Map size
Large (8 player)
Population
200
Speed
Normal
Resources
Standard
Victory
Conquest
Starting age
Dark Age
Ending age
Imperial Age
RankedLock teamsTeams togetherTeam positionsShared explorationLock speedFull tech treeHidden civsTurbo modeCheats
Victory
Defeat
🇳🇨 Burgundians · New Caledonia
658
+9
🇹🇷 Italians · Türkiye
624
+10
🇮🇳 Turks · India
623
+10
🇨🇳 Celts · China
622
+10
🇯🇵 Persians · Japan
583
-12
🇫🇷 Franks · France
529
-11
🇺🇸 Persians · United States
513
-10
🇨🇳 Tatars · China
363
-6
趁着风起拿下你
12:58 Feudal Age
13:20 Horse Collar
13:30 Double-Bit Axe
19:50 Castle Age
20:32 Heavy Plow
20:45 Bow Saw
27:21 Gold Mining
27:26 Stone Mining
31:35 Imperial Age
31:46 Capped Ram
32:43 Heavy Scorpion
sada613
11:26 Feudal Age
13:10 Double-Bit Axe
13:54 Gold Mining
13:46 Horse Collar
15:34 Wheelbarrow
20:46 Castle Age
20:06 Stone Mining
21:41 Loom
21:41 Town Watch
22:12 Hand Cart
22:11 Bow Saw
22:37 Stone Shaft Mining
22:39 Gold Shaft Mining
22:06 Heavy Plow
25:19 Town Patrol
31:59 Imperial Age
ElPaisaCOL
0:54 Loom
13:06 Feudal Age
19:28 Castle Age
17:37 Double-Bit Axe
18:28 Horse Collar
19:06 Town Watch
24:03 Stone Mining
27:19 Wheelbarrow
29:09 Bow Saw
29:07 Heavy Plow
29:53 Pikeman
30:20 Arson
noul1
3:50 Loom
11:31 Feudal Age
11:58 Double-Bit Axe
12:51 Wheelbarrow
14:37 Stone Mining
15:55 Gold Mining
19:26 Fletching
19:38 Padded Archer Armor
24:49 Castle Age
24:02 Padded Archer Armor
23:54 Fletching
28:04 Gold Shaft Mining
27:53 Bow Saw
27:18 Ordonnance Companies
32:11 Leather Archer Armor
s1R1Us
11:22 Feudal Age
13:20 Double-Bit Axe
15:43 Horse Collar
20:30 Castle Age
18:40 Stone Mining
21:03 Gold Mining
22:26 Heavy Plow
22:38 Bow Saw
26:56 Caravan
28:04 Wheelbarrow
31:16 Imperial Age
32:22 Conscription
32:05 Artillery
33:15 Thumb Ring
板蓝根
14:16 Feudal Age
14:46 Double-Bit Axe
14:55 Gold Mining
14:57 Stone Mining
14:49 Horse Collar
20:45 Castle Age
21:12 Scale Barding Armor
21:22 Forging
20:53 Light Cavalry
22:12 Husbandry
23:10 Stone Shaft Mining
23:11 Gold Shaft Mining
22:49 Heavy Plow
23:02 Bow Saw
24:31 Chain Barding Armor
25:28 Iron Casting
26:16 Wheelbarrow
26:50 Town Watch
31:18 Hand Cart
30:48 Loom
31:04 Town Patrol
Sedat
6:52 Loom
9:56 Feudal Age
10:28 Double-Bit Axe
10:26 Horse Collar
17:21 Wheelbarrow
20:02 Castle Age
18:54 Stone Mining
18:57 Gold Mining
25:39 Hand Cart
25:13 Town Watch
30:54 Imperial Age
28:25 Town Patrol
29:33 Scale Mail Armor
29:43 Forging
29:40 Murder Holes
30:45 Caravan
32:56 Chemistry
32:17 Ballistics
32:23 Capped Ram
33:23 Chain Mail Armor
La_starlette_du988
4:54 Wheelbarrow
4:05 Loom
10:03 Double-Bit Axe
10:20 Horse Collar
13:08 Feudal Age
12:28 Stone Mining
13:52 Gold Mining
15:17 Bow Saw
17:42 Town Watch
18:56 Hand Cart
21:07 Stone Shaft Mining
20:54 Heavy Plow
22:13 Gold Shaft Mining
25:02 Castle Age
26:17 Town Patrol
27:48 Two-Man Saw
28:33 Coinage
28:04 Caravan
28:15 Guilds
Connection lost

Rejoining the realm…

Still unreachable

The connection could not be restored.

Session expired

The server has moved on; the page needs a fresh start.